[Event "44th Chess Olympiad Open 2022"]
[Site "Chennai"]
[Date "2022.08.02"]
[Round "5.57"]
[White "Amini, Habibullah"]
[Black "Kwon, Sehyun"]
[Result "0-1"]
[WhiteElo "2035"]
[BlackElo "2225"]
[Annotator "NA RC"]
[PlyCount "94"]
[EventDate "2022.??.??"]
[TimeControl "60"]

1. d4 d5 2. Bf4 Nf6 3. e3 e6 4. c3 Bd6 5. Bg3 O-O 6. Nf3 b6 7. Nbd2 c5 8. Ne5 Bb7 9. Bd3 Nc6 10. f4 Ne7 11. O-O Nf5 12. Qf3 Be7 13.
Rad1 Nd6 14. Bh4 Nfe4 15. Bxe7 Qxe7 16. Qh3 Rac8 17. Nxe4 dxe4 18. Be2 b5 19. dxc5 Rxc5 20. Rd2 Bd5 21. Rfd1 a5 22. a3 Rb8 23. Rd4 Rd8 24. a4 f6 25. Ng4 bxa4 26. Nf2 a3 27. c4 axb2 28. Rb1 Nxc4 29. Bxc4 Rxc4 30. Rxb2 Rc1+ 31. Rd1 Rxd1+ 32. Nxd1 Qa3 33. Rb1 Qd3 34. Ra1 a4 35. f5 e5 36. Qg3 Bb3 37. Nf2 Qc3 38. Rf1 Qb4 39. Qg4 Bc2 40. Qe2 Bd3 41. Qd1 a3 42. h4 a2 43. h5 Qb1 44. Nxd3 Qxd1 45. Rxd1 exd3 46. Kf2 d2 47. Ke2 Rb8 0-1

[Event "44th Chess Olympiad Open 2022"]
[Site "Chennai"]
[Date "2022.08.02"]
[Round "5.57"]
[White "Li, Georgiy"]
[Black "Sakhawaty, Sepehr"]
[Result "1/2-1/2"]
[WhiteElo "1994"]
[BlackElo "1809"]
[Annotator "NA RC"]
[PlyCount "99"]
[EventDate "2022.??.??"]
[TimeControl "60"]

1. c4 c5 2. Nf3 g6 3. g3 Bg7 4. Bg2 Nc6 5. O-O e5 6. Nc3 Nge7 7. d3 d6 8. Bg5 Be6 9. Qc1 O-O 10. Bh6 f6 11. Rb1 Qd7 12. Re1 Bh3 13. Bh1 Nf5 14. Bxg7 Kxg7 15. e3 h5 16. a3 a5 17. Nd5 Rab8 18. b4 b6 19. Qd2 Nfe7 20. bxc5 bxc5 21. Nxe7 Qxe7 22. Rb5 Bd7 23. Reb1 a4 24. Rb7 Rxb7 25. Rxb7 Rb8 26. Rxb8 Nxb8 27. Qa5 Bc6 28. Nd2 Bxh1 29. Kxh1 h4 30. Kg2 Qb7+ 31. Kf1 h3 32. Qd8 Nc6 33. Qxd6 Na5 34. Ke2 Nb3 35. Ne4 Nc1+ 36. Kd1 Qb1 37. Qxf6+ Kg8 38. Qxg6+ Kf8 39. Qf5+ Kg8 40. Nf6+ Kf8 41. Nd5+ Kg7 42. Qg5+ Kh8 43. Qxe5+ Kg8 44. Qe8+ Kg7 45. Qd7+ Kh8 46. Qxh3+ Kg7 47. Qd7+ Kh8 48.
Nf6 Ne2+ 49. Kxe2 Qd1+ 50. Kxd1 1/2-1/2

[Event "44th Chess Olympiad Open 2022"]
[Site "Chennai"]
[Date "2022.08.02"]
[Round "5.57"]
[White "Sulaiman, Ahmad Ashrafi"]
[Black "Kim, Changhoon"]
[Result "0-1"]
[WhiteElo "1953"]
[BlackElo "1827"]
[Annotator "NA RC"]
[PlyCount "128"]
[EventDate "2022.??.??"]
[TimeControl "60"]

1. d4 d5 2. Bf4 Nf6 3. e3 c5 4. c3 Nc6 5. Nd2 e6 6. Ngf3 Bd6 7. Bg3 O-O 8. Be2 b6 9. O-O Bb7 10. a4 Qc7 11. Qc2 e5 12. dxe5 Nxe5 13.
Nxe5 Bxe5 14. Bf3 Bxg3 15. hxg3 Rfe8 16. Rfd1 Rac8 17. Qb3 Bc6 18. Qa3 Bd7 19. Rac1 Qc6 20. c4 Qxa4 21. cxd5 Qxa3 22. bxa3 Ba4 23. Re1 Red8 24. e4 b5 25. Nf1 a5 26. Ne3 c4 27. Nf5 Kf8 28. Ne3 Nd7 29. Bg4 Rc5 30. Bxd7 Rxd7 31. e5 Rdxd5 32. Nxd5 Rxd5 33. Re3 Ke7 34. f4 Bb3 35. Kf2 Ke6 36. Kf3 Rd2 37. g4 g6 38. Kg3 Bc2 39. f5+ gxf5 40. gxf5+ Bxf5 41. a4 Bd3 42. axb5 Rb2 43. Ra1 Rxb5 44. Kf4 Kd5 45. e6 fxe6 46. Re5+ Kc6 47. Rxe6+ Kc5 48. Re5+ Kb4 49. Rxb5+ Kxb5 50. Ke3 Kb4 51.
Kd2 Be4 52. Rh1 c3+ 53. Kc1 Kc4 54. Rh5 a4 55. g3 a3 56. Ra5 Kb3 57. Rb5+ Ka4 58. Rb6 a2 59. Ra6+ Kb3 60. Rb6+ Kc4 61. Ra6 Bb1 62. Ra4+ Kd3 63. g4 h6 64. Kd1 Bc2+ 0-1

[Event "44th Chess Olympiad Open 2022"]
[Site "Chennai"]
[Date "2022.08.02"]
[Round "5.58"]
[White "Dornbusch, Tatiana"]
[Black "Hinga, Githinji"]
[Result "1-0"]
[WhiteElo "2247"]
[BlackElo "1954"]
[Annotator "RC"]
[PlyCount "175"]
[EventDate "2022.??.??"]
[TimeControl "60"]

1. Nf3 d5 2. c4 c6 3. g3 Nf6 4. Bg2 g6 5. O-O Bg7 6. d4 O-O 7. Nbd2 Be6 8.
b3 h6 9. Bb2 Nbd7 10. Re1 Ne4 11. Nxe4 dxe4 12. Nd2 f5 13. f3 Qb6 14. e3 exf3 15. Nxf3 Rad8 16. Qc2 Nf6 17. Ne5 Kh7 18. Rad1 Ne4 19. Nd3 Nf6 20. Kh1 Qc7 21. Nf4 Bf7 22. Bf3 Ng4 23. Bxg4 fxg4 24. Qe4 Qd7 25. Rf1 e5 26. Ne2 Be6 27. Qb1 Rxf1+ 28. Rxf1 exd4 29. Nxd4 Bg8 30. Kg1 Qe8 31. Re1 Qe5 32. Re2 Qf6 33. Rf2 Qg5 34. Qe4 a6 35. Kg2 h5 36. Ne6 Qe7 37. Bxg7 Qxe6 38. Qxe6 Bxe6 39. Bf6 Rd7 40. e4 Rf7 41. Kf1 Rd7 42. Ke2 Kg8 43. Ke3 Kf7 44. Bd4+ Kg8 45. Rf6 Bf7 46. Bc5 Rd8 47. Bd6 Kg7 48. e5 a5 49. Bc7 Re8 50.
Kd4 a4 51. bxa4 Re7 52. Bd6 Re8 53. Kc5 Ra8 54. Kb4 Ra6 55.
Bc7 c5+ 56. Kb5 Be8+ 57. Kxc5 Rxa4 58. Rf2 Bf7 59. Rc2 Be6 60. Kb5 Ra6 61. Bb6 Ra8 62. Rd2 Kf7 63. a4 Ke8 64. a5 Rc8 65.
Bc5 Bd7+ 66. Kb4 Bf5 67. Rd4 Rc6 68. Kb5 Bd7 69. Kb4 Bf5 70.
Bd6 Be6 71. c5 Bf5 72. Rd2 Be6 73. Rf2 Bf5 74. e6 Ra6 75. Re2 Bd3 76. Rf2 Bf5 77. e7 Kd7 78. Re2 Ke8 79. Rd2 Bd7 80. Ra2 Be6 81. Ra1 Bf5 82. Kc4 Kd7 83. Kd4 Ra8 84. Kd5 Be6+ 85. Ke5 Bf5 86. Ra2 Re8 87. Rb2 Kc8 88. a6 1-0

[Event "44th Chess Olympiad Open 2022"]
[Site "Chennai"]
[Date "2022.08.02"]
[Round "5.58"]
[White "Verdier, Patrice"]
[Black "Oluka Robert Mcligeyo"]
[Result "1-0"]
[WhiteElo "2017"]
[BlackElo "1823"]
[Annotator "NA RC"]
[PlyCount "47"]
[EventDate "2022.??.??"]
[TimeControl "60"]

1. d4 d5 2. c4 e6 3. Nc3 a6 4. Nf3 dxc4 5. a4 Nc6 6. e3 Na5 7. Nd2 Nf6 8. Nxc4 c5 9. Nxa5 Qxa5 10. dxc5 Bxc5 11. Bd3 Bb4 12. O-O Bxc3 13. bxc3 Qxc3 14. Ba3 Bd7 15. Qb1 Bc6 16. Rc1 Qa5 17. Rxc6 bxc6 18. Qb7 Qd8 19. Qxc6+ Nd7 20. Bxa6 Ra7 21. Rc1 Ra8 22. Qd6 Rb8 23. Bb5 Ra8 24. Rc7 1-0

[Event "44th Chess Olympiad Open 2022"]
[Site "Chennai"]
[Date "2022.08.02"]
[Round "5.58"]
[White "Njoroge, Martin"]
[Black "Ribbegren, Karl Johan"]
[Result "1-0"]
[WhiteElo "1973"]
[BlackElo "2198"]
[Annotator "NA RC"]
[PlyCount "103"]
[EventDate "2022.??.??"]
[TimeControl "60"]

1. d4 g6 2. Nf3 Bg7 3. e4 d6 4. Bd3 Nf6 5. c4 O-O 6. Nc3 e5 7. d5 Na6 8. h3 Nc5 9. Be3 Nxd3+ 10. Qxd3 b6 11. g4 Nd7 12. Qe2 a5 13.
O-O-O Nc5 14. Rdg1 f6 15. h4 Kf7 16. Nd2 Bd7 17. f4 exf4 18.
Bxf4 Qe7 19. Rf1 Kg8 20. h5 g5 21. h6 gxf4 22. hxg7 Qxg7 23.
Rxf4 Qg5 24. Qh2 Rf7 25. Kc2 Re8 26. Nf3 Qg6 27. Nh4 Qh6 28.
Qf2 Qg5 29. Nf5 Bxf5 30. Rxf5 Qg6 31. Qf4 Rg7 32. Rg1 h6 33. Rxf6 Qg5 34. Qf3 Nd7 35. Rf5 Ne5 36. Qh3 Qg6 37. g5 hxg5 38. Rfxg5 Qxg5 39. Rxg5 Rxg5 40. Nb5 Re7 41. Nd4 Rg4 42. Qh5 Rg2+ 43. Kb3 a4+ 44. Kc3 Nf7 45. Qh3 Rg6 46. Qc8+ Kh7 47. Nf5 Rxe4 48. Qxc7 Rf6 49. Nxd6 Rf3+ 50. Kb4 Ref4 51. Nxf7 Rxf7 52. Qxb6 1-0

[Event "44th Chess Olympiad Open 2022"]
[Site "Chennai"]
[Date "2022.08.02"]
[Round "5.58"]
[White "Namale, Ben Nguku"]
[Black "Bagheri, Amir"]
[Result "0-1"]
[WhiteElo "1962"]
[BlackElo "2375"]
[Annotator "RC"]
[PlyCount "88"]
[EventDate "2022.??.??"]
[TimeControl "60"]

1. e4 c6 2. d4 d5 3. exd5 cxd5 4. Nf3 Nc6 5. Bd3 Bg4 6. c3 e6 7. O-O Bd6 8. Re1 Nge7 9. Nbd2 Qc7 10. Nf1 Bh5 11. Ng3 Bg6 12. Be3 O-O 13.
Bxg6 Nxg6 14. Qd3 Rab8 15. Ne2 b5 16. h4 Rfc8 17. h5 Nf8 18.
Rac1 Qa5 19. a3 Qd8 20. b4 a5 21. g3 Nd7 22. Bf4 Nf6 23. Bg5 Be7 24. h6 g6 25. Kg2 Ne4 26. Bxe7 Nxe7 27. Qe3 Nf5 28. Qf4 g5 29. Qg4 Nxh6 30. Qh5 Qf6 31. g4 axb4 32. axb4 Ra8 33. Ng3 Nxg3 34. Kxg3 Qf4+ 35. Kg2 Qxg4+ 36. Qxg4 Nxg4 37. Nxg5 Ra2 38.
Nh3 Ra3 39. f3 Nh6 40. Re3 Nf5 41. Rd3 Ra2+ 42. Nf2 Kf8 43. f4 Ke7 44. Rh3 Nxd4 0-1

[Event "44th Chess Olympiad Open 2022"]
[Site "Chennai"]
[Date "2022.08.02"]
[Round "5.59"]
[White "Wanyama, Harold"]
[Black "Salim Mohammed, Salim Al Amri"]
[Result "1-0"]
[WhiteElo "2242"]
[BlackElo "1917"]
[Annotator "NA RC"]
[PlyCount "105"]
[EventDate "2022.??.??"]
[TimeControl "60"]

1. d4 Nf6 2. c4 e6 3. Nc3 Bb4 4. f3 c5 5. a3 Bxc3+ 6. bxc3 Nc6 7. d5 Na5 8. e4 d6 9. Bd3 e5 10. Ne2 b6 11. O-O Ba6 12. Ng3 O-O 13.
f4 Nd7 14. Nf5 Qf6 15. fxe5 Qxe5 16. Bf4 Qf6 17. Bxd6 Kh8 18. Bxf8 Rxf8 19. Qe2 Ne5 20. Nd4 Qh6 21. Nb5 Bc8 22. Nxa7 Bg4 23. Qe1 Nxd3 24. Qg3 Be2 25. Rxf7 Rg8 26. h3 Nb3 27. d6 Nxa1 28. d7 Qe6 29. Rxg7 Rf8 30.
Nc6 Qxc6 31. Rf7 Qh6 32. Rxf8+ Qxf8 33. Qg5 h6 34. d8=Q hxg5 35. Qxf8+ Kh7 36. Qf7+ Kh6 37. Qf6+ Kh7 38. Qxg5 Nb3 39. e5 Ndc1 40. e6 Bd3 41. e7 Bg6 42. Qxg6+ Kxg6 43. e8=Q+ Kf5 44. Qc6 Ke5 45. Qxb6 Ke4 46. a4 Ke3 47. a5 Nd2 48. Qxc5+ Kd3 49. Qd4+ Kc2 50. Qxd2+ Kxd2 51. a6 Ke1 52. a7 Ne2+ 53. Kh2 1-0

[Event "44th Chess Olympiad Open 2022"]
[Site "Chennai"]
[Date "2022.08.02"]
[Round "5.59"]
[White "Nsubuga, Haruna"]
[Black "Al Busaidi, Hamood"]
[Result "1-0"]
[WhiteElo "2160"]
[BlackElo "1743"]
[Annotator "NA"]
[PlyCount "119"]
[EventDate "2022.??.??"]
[TimeControl "60"]

1. d4 Nf6 2. Nf3 g6 3. g3 Bg7 4. c4 c6 5. Nc3 d5 6. cxd5 cxd5 7. Bg2 O-O 8. O-O Nc6 9. Ne5 Be6 10. Nxc6 bxc6 11. Na4 Bf5 12. b3 Rc8 13. Ba3 Re8 14. Bc5 Qa5 15. f3 h5 16. Qe1 Qc7 17. e4 dxe4 18.
fxe4 Bg4 19. Qf2 Be6 20. Qf4 Qxf4 21. gxf4 Nd7 22. e5 Rc7 23. Rac1 Bh6 24. Ba3 Nb8 25. d5 Bf5 26. dxc6 Bd3 27. Rf2 Bb5 28. Nc3 Bxc6 29. Nd5 Rd7 30. Nxe7+ Rexe7 31. Bxe7 Rxe7 32. Bxc6 Rc7 33. Rfc2 Bxf4 34. Ba4 Re7 35. Rc8+ Kg7 36. Re1 Na6 37. Re8 Rc7 38. e6 fxe6 39. R8xe6 Nb4 40. Be8 Nd5 41. Rxg6+ Kh7 42. Rge6 Rg7+ 43. Kh1 h4 44. Bc6 Ne3 45. R6xe3 Bxe3 46. Rxe3 Rc7 47. Rc3 Kh6 48. Kg2 Kg5 49. Rc4 Re7 50. Bf3 Rd7 51. Rg4+ Kf5 52. Rxh4 Rd2+ 53. Kg3 Rxa2 54. Ra4 Rxa4 55. bxa4 a5 56. h4 Ke5 57. Kg4 Kf6 58. h5 Kg7 59. Kf5 Kf7 60. Ke5 1-0

[Event "44th Chess Olympiad Open 2022"]
[Site "Chennai"]
[Date "2022.08.02"]
[Round "5.59"]
[White "Salim Issa, Ali Shamas"]
[Black "Kawuma, Patrick"]
[Result "1/2-1/2"]
[WhiteElo "1851"]
[BlackElo "2270"]
[Annotator "NA"]
[PlyCount "66"]
[EventDate "2022.??.??"]
[TimeControl "60"]

1. d4 Nf6 2. c4 e6 3. Nc3 Bb4 4. e3 b6 5. Nge2 Bb7 6. a3 Be7 7. Ng3 h5 8. h3 h4 9. Nge2 d6 10. d5 e5 11. e4 Nbd7 12. Be3 Nh5 13. Qd2 Nf8 14. b4 Ng6 15.
g3 hxg3 16. fxg3 Ba6 17. b5 Bc8 18. Bg2 Nf6 19. a4 Bd7 20.
Ng1 Nh5 21. Nge2 a6 22. Bf3 Nf8 23. Kd1 g5 24. Kc2 Ng6 25.
Kb3 Ng7 26. Bg2 Kf8 27. Raf1 Kg8 28. Ng1 Be8 29. Nf3 Nh5 30. Ne2 f6 31. Ne1 Ng7 32. Nc2 Bd7 33. Qd3 Qc8 1/2-1/2

[Event "44th Chess Olympiad Open 2022"]
[Site "Chennai"]
[Date "2022.08.02"]
[Round "5.59"]
[White "Al Kathiri, Mana"]
[Black "Egesa emmanuel"]
[Result "1/2-1/2"]
[WhiteElo "1598"]
[BlackElo "2152"]
[Annotator "RC"]
[PlyCount "153"]
[EventDate "2022.??.??"]
[TimeControl "60"]

1. d4 Nf6 2. Nf3 d5 3. Bf4 c5 4. e3 Nc6 5. Nbd2 e6 6. c3 Bd6 7. Bg3 O-O 8. Bd3 Qe7 9. Ne5 Bxe5 10. dxe5 Nd7 11. f4 f6 12. exf6 Nxf6 13. O-O e5 14. Bb5 e4 15. Bh4 a6 16. Bxc6 bxc6 17. Qa4 Bd7 18.
Qa3 Rfb8 19. Rac1 Qe8 20. Bxf6 gxf6 21. Nb3 c4 22. Nd4 Qf8 23. Qxf8+ Kxf8 24. Rc2 Rb6 25. h3 Rab8 26. b4 a5 27. a3 axb4 28. axb4 Ra6 29. f5 Rba8 30. Kh2 Ra2 31. Rxa2 Rxa2 32. Kg3 Rd2 33. Rc1 Ke7 34. Rc2 Rd1 35. Kf2 Kd6 36. g4 Rh1 37. Kg2 Re1 38.
Ne2 Ra1 39. Rb2 Be8 40. h4 Ke5 41. Nd4 Bd7 42. Rf2 Ra3 43.
g5 Be8 44. g6 hxg6 45. fxg6 Bxg6 46. Nxc6+ Ke6 47. Nd4+ Ke7 48.
Rc2 Be8 49. Kg3 Ra1 50. Rd2 Rg1+ 51. Rg2 Re1 52. Kf4 Rf1+ 53. Kg3 Bd7 54. Kh2 Be8 55. Rg7+ Kd6 56. Rg8 Bf7 57. Rg2 Rb1 58. Kg3 Rc1 59. Ra2 Be8 60. Ra6+ Ke7 61. Re6+ Kf7 62. Rd6 Rxc3 63. Rxd5 Rxe3+ 64. Kf4 Rh3 65. h5 e3 66. b5 e2 67. Nxe2 Rb3 68. Nd4 Rb1 69. Rc5 c3 70. Rc7+ Kg8 71. h6 Bxb5 72. Rxc3 Rf1+ 73. Rf3 Rxf3+ 74. Kxf3 Bd7 75. Kf4 Kh7 76. Ne2 Kxh6 77. Nd4 1/2-1/2

[Event "44th Chess Olympiad Open 2022"]
[Site "Chennai"]
[Date "2022.08.02"]
[Round "5.60"]
[White "Gong, Daniel Hanwen"]
[Black "Lau, Lut Yin Luke"]
[Result "1-0"]
[WhiteElo "2296"]
[BlackElo "2027"]
[Annotator "NA RC"]
[PlyCount "59"]
[EventDate "2022.??.??"]
[TimeControl "60"]

1. e4 e5 2. Nf3 Nf6 3. Nxe5 d6 4. Nf3 Nxe4 5. Bd3 Nf6 6.
h3 Be7 7. O-O O-O 8. c3 d5 9. Bc2 Nc6 10. d4 h6 11. Ne5 Bd6 12. f4 Ne4 13.
Nd2 f5 14. Bb3 Be6 15. Nxe4 fxe4 16. f5 Nxe5 17. dxe5 Bc5+ 18. Kh2 Rxf5 19. Rxf5 Bxf5 20. Qxd5+ Qxd5 21. Bxd5+ Kh8 22. Bf4 Rd8 23.
Bxb7 Rb8 24. Bd5 Rxb2 25. Rf1 Bf2 26. e6 Bg6 27. e7 e3 28.
Bxe3 c6 29. Bc4 Rb7 30. Bc5 1-0

[Event "44th Chess Olympiad Open 2022"]
[Site "Chennai"]
[Date "2022.08.02"]
[Round "5.60"]
[White "Duneas, John"]
[Black "Nissinen, Niilo Man"]
[Result "1-0"]
[WhiteElo "2031"]
[BlackElo "1693"]
[Annotator "NA RC"]
[PlyCount "81"]
[EventDate "2022.??.??"]
[TimeControl "60"]

1. d4 Nf6 2. c4 g6 3. Nc3 d5 4. cxd5 Nxd5 5. e4 Nxc3 6. bxc3 Bg7 7. Be3 c5 8. Rc1 O-O 9. Qd2 b6 10. dxc5 Qc7 11. cxb6 axb6 12. Qb2 Be6 13. a3 Qc6 14. Nf3 Qxe4 15. Ng5 Qd5 16. Nxe6 fxe6 17. Qxb6 Rxa3 18. Qb4 Rb3 19. Qc4 Nd7 20. Qxd5 exd5 21. c4 d4 22. c5 Rb2 23. Bd2 Rxd2 24. c6 Rdxf2 25. cxd7 R2f6 26. Rc8 Rd6 27. Bc4+ Kh8 28. Rf1 Rxd7 29. Rfxf8+ Bxf8 30. Rxf8+ Kg7 31. Rf7+ Kh6 32. Kd2 g5 33. Bd3 g4 34. Rxh7+ Kg5 35. Rf7 Ra7 36. Rf5+ Kh4 37. Be4 g3 38. h3 Ra2+ 39. Kd3 e5 40. Bf3 e4+ 41. Kxe4 1-0

[Event "44th Chess Olympiad Open 2022"]
[Site "Chennai"]
[Date "2022.08.02"]
[Round "5.60"]
[White "Deng, Yu Dong Michael"]
[Black "Croad, Nicolas"]
[Result "0-1"]
[WhiteElo "2028"]
[BlackElo "2289"]
[Annotator "NA RC"]
[PlyCount "94"]
[EventDate "2022.??.??"]
[TimeControl "60"]

1. d4 Nf6 2. c4 e6 3. Nc3 Bb4 4. a3 Bxc3+ 5. bxc3 Nc6 6. f3 b6 7. e4 Na5 8. Bd3 Ba6 9. Qe2 c5 10. Be3 cxd4 11. cxd4 Rc8 12. Rc1 Qe7 13. e5 Ng8 14. c5 Bxd3 15. Qxd3 Qh4+ 16. g3 Qd8 17. d5 exd5 18. cxb6 Rxc1+ 19. Bxc1 Qxb6 20. Qxd5 Nc6 21. f4 Nge7 22. Qd3 Nxe5 23. fxe5 Qc6 24. Qd6 Qxc1+ 25. Kf2 Nc6 26. h3 h5 27. Rh2 h4 28. Nf3 Rh6 29. Qd5 hxg3+ 30. Kxg3 Rg6+ 31. Kf2 Qxa3 32. Rh1 Qb2+ 33. Ke3 Qb6+ 34. Kf4 Qb4+ 35. Ke3 Qc3+ 36. Kf4 a5 37. Rd1 Qb4+ 38. Ke3 Qb6+ 39. Kf4 Qd8 40. Rb1 Nb4 41. Qb5 Rb6 42. Qf1 Nd5+ 43. Kg3 Rg6+ 44. Kf2 Qc7 45. Nd4 Qc3 46. Rb8+ Ke7 47. Nf5+ Ke6 0-1

[Event "44th Chess Olympiad Open 2022"]
[Site "Chennai"]
[Date "2022.08.02"]
[Round "5.60"]
[White "Kannappan, Thanneermalai"]
[Black "Stark, John"]
[Result "1-0"]
[WhiteElo "1699"]
[BlackElo "2028"]
[Annotator "NA RC"]
[PlyCount "113"]
[EventDate "2022.??.??"]
[TimeControl "60"]

1. e4 e6 2. d4 d5 3. Nc3 Nf6 4. Bg5 Bb4 5. e5 h6 6. Bd2 Bxc3 7. bxc3 Ne4 8. Qg4 g6 9. Bd3 Nxd2 10. Kxd2 c5 11. h4 h5 12. Qg3 Nc6 13.
Ne2 c4 14. Bxg6 fxg6 15. Qxg6+ Kd7 16. Nf4 Qe8 17. Qg7+ Kd8 18. Qf6+ Ne7 19. Nxe6+ Bxe6 20. Qxe6 Qg6 21. Qxg6 Nxg6 22. Rab1 Kc7 23. Ke3 Raf8 24. f3 a6 25. a4 Rhg8 26. g3 Ne7 27. Rhg1 Nf5+ 28. Kf2 Rg6 29. Rg2 Rfg8 30. Rbg1 Kb6 31. g4 hxg4 32. Rxg4 Nxh4 33. Rxg6+ Rxg6 34. Rxg6+ Nxg6 35. Kg3 Kc6 36. f4 Kd7 37. f5 Nf8 38. a5 Ke7 39. Kf4 Kf7 40. Kg5 Nh7+ 41. Kh6 Nf8 42. Kg5 Kg7 43. Kf4 Nh7 44. Kg4 Kh6 45. Kf4 Kh5 46. e6 Nf6 47. Ke5 Kg5 48.
e7 Ne8 49. Ke6 Ng7+ 50. Kf7 Nxf5 51. e8=Q Nd6+ 52. Ke7 Nxe8 53. Kxe8 Kf4 54. Kd7 Ke3 55. Kd6 Kd2 56. Kxd5 Kxc3 57. Ke4 1-0

[Event "44th Chess Olympiad Open 2022"]
[Site "Chennai"]
[Date "2022.08.02"]
[Round "5.61"]
[White "Wong, Yinn Long"]
[Black "Anhwere, Bernard"]
[Result "1-0"]
[WhiteElo "2381"]
[BlackElo "1890"]
[Annotator "RC"]
[PlyCount "59"]
[EventDate "2022.??.??"]
[TimeControl "60"]

1. d4 d5 2. Bf4 e6 3. e3 c5 4. c3 Nc6 5. Nd2 Nf6 6. Ngf3 Bd6 7. Bg3 O-O 8.
Bd3 c4 9. Bc2 Qc7 10. e4 dxe4 11. Nxe4 Nxe4 12. Bxe4 f6 13. Qa4 Bxg3 14. hxg3 f5 15. Bxc6 Qxc6 16. Qxc6 bxc6 17. Ne5 Rb8 18. O-O-O c5 19. Nc6 Rb7 20. dxc5 Rc7 21. Rd6 Bb7 22. Nd8 Bd5 23. c6 Bxg2 24. Rhd1 Re8 25. b4 Bd5 26. b5 Kf8 27. Re1 Ree7 28. a4 a6 29. b6 Rc8 30. b7 1-0

[Event "44th Chess Olympiad Open 2022"]
[Site "Chennai"]
[Date "2022.08.02"]
[Round "5.61"]
[White "Poh, Yu Tian"]
[Black "Adu Jnr, Lionel"]
[Result "1-0"]
[WhiteElo "2118"]
[BlackElo "1824"]
[Annotator "NA RC"]
[PlyCount "59"]
[EventDate "2022.??.??"]
[TimeControl "60"]

1. e4 c6 2. d4 d5 3. e5 c5 4. Nf3 Bg4 5. dxc5 Nc6 6. c3 Bxf3 7. Qxf3 Nxe5 8.
Bb5+ Nc6 9. c4 e6 10. Be3 Nf6 11. Nc3 a6 12. Bxc6+ bxc6 13. b4 a5 14. b5 Nd7 15. cxd5 cxd5 16. Na4 Be7 17. O-O O-O 18. c6 Ne5 19. Qg3 Bd6 20.
Bf4 Nc4 21. Bxd6 Qxd6 22. Qxd6 Nxd6 23. b6 Rac8 24. c7 Nc4 25. Rfc1 Nd6 26. Rab1 Nb7 27. Nc5 Nd6 28. b7 Rxc7 29. b8=Q Rfc8 30. Qxc7 1-0

[Event "44th Chess Olympiad Open 2022"]
[Site "Chennai"]
[Date "2022.08.02"]
[Round "5.61"]
[White "Adu-Poku, Kwabena"]
[Black "Lim, Zhuo Ren"]
[Result "0-1"]
[WhiteElo "1974"]
[BlackElo "2318"]
[Annotator "RC"]
[PlyCount "74"]
[EventDate "2022.??.??"]
[TimeControl "60"]

1. d4 Nf6 2. c4 e6 3. Nf3 d5 4. Nc3 dxc4 5. e4 b5 6. e5 Nd5 7. Nxb5 Nb6 8. Be2 Nc6 9. O-O Be7 10. Be3 O-O 11. Qc1 Rb8 12. Nc3 Bb7 13.
Rd1 Nb4 14. d5 N4xd5 15. Bxb6 cxb6 16. Bxc4 Rc8 17. Bxd5 Bxd5 18. Qe3 Rc5 19. b4 Rc4 20. a3 a5 21. Nxd5 exd5 22. bxa5 bxa5 23. Qd3 Qc7 24. Qxd5 Rd8 25. Qb5 Rxd1+ 26. Rxd1 Rc1 27. Rf1 Rxf1+ 28. Kxf1 Qc1+ 29. Ke2 Qxa3 30. e6 Qa2+ 31. Kd3 fxe6 32. Ne5 Bf8 33. Qd7 Qb1+ 34. Ke3 Qe1+ 35. Kd4 Qxf2+ 36. Kd3 Qf5+ 37. Kd4 Qf4+ 0-1

[Event "44th Chess Olympiad Open 2022"]
[Site "Chennai"]
[Date "2022.08.02"]
[Round "5.61"]
[White "Fomevor, Cephas Clinton"]
[Black "Tan, Jun Ying"]
[Result "0-1"]
[WhiteElo "1830"]
[BlackElo "2191"]
[Annotator "NA RC"]
[PlyCount "86"]
[EventDate "2022.??.??"]
[TimeControl "60"]

1. c4 c5 2. Nf3 Nf6 3. Nc3 b6 4. g3 Bb7 5. Bg2 e6 6. O-O Be7 7. d4 cxd4 8. Nxd4 Bxg2 9. Kxg2 Qc8 10. b3 O-O 11. Bb2 Qb7+ 12. f3 a6 13. e4 Nc6 14. Re1 d6 15. Rc1 Rfd8 16. Nxc6 Qxc6 17. Qe2 Qb7 18. Red1 Rab8 19. Rc2 b5 20. Rcd2 Rdc8 21. cxb5 axb5 22. h3 b4 23. Na4 e5 24. Ba1 Ra8 25. Qf2 Ra6 26. Rc2 Rxc2 27. Qxc2 Rc6 28. Qd3 Qc7 29. Rd2 Nh5 30. Kh2 Bg5 31. Rf2 h6 32. h4 Be7 33. Bb2 Qa7 34. Rc2 Kh7 35. Bc1 Rxc2+ 36. Qxc2 Nxg3 37. Kxg3 Qg1+ 38. Qg2 Qxc1 39. Qf2 Qh1 40. Kg4 Bxh4 41. Qxh4 Qg2+ 42. Qg3 h5+ 43. Kh4 g5+ 0-1

[Event "44th Chess Olympiad Open 2022"]
[Site "Chennai"]
[Date "2022.08.02"]
[Round "5.62"]
[White "Winter Atwell, Adrian"]
[Black "Mafnas, Peter"]
[Result "1-0"]
[WhiteElo "2250"]
[BlackElo "2039"]
[Annotator "NA RC"]
[PlyCount "37"]
[EventDate "2022.??.??"]
[TimeControl "60"]

1. e4 c6 2. d4 d5 3. e5 Bf5 4. Nf3 e6 5. Be2 c5 6. c4 cxd4 7. Nxd4 Bb4+ 8.
Nc3 Bxc3+ 9. bxc3 Ne7 10. g4 Bg6 11. h4 h6 12. h5 Bh7 13.
Nb5 O-O 14. g5 Nf5 15. gxh6 gxh6 16. Bg4 a6 17. Bxf5 Bxf5 18. Rg1+ Bg6 19. hxg6 1-0

[Event "44th Chess Olympiad Open 2022"]
[Site "Chennai"]
[Date "2022.08.02"]
[Round "5.62"]
[White "Johnson, Joshua"]
[Black "Soriano, Rudolph P."]
[Result "1-0"]
[WhiteElo "2178"]
[BlackElo "1824"]
[Annotator "NA RC"]
[PlyCount "81"]
[EventDate "2022.??.??"]
[TimeControl "60"]

1. e4 Nc6 2. Nf3 e5 3. Bc4 Bc5 4. c3 Nf6 5. d4 exd4 6. e5 d5 7. Bb5 Ne4 8. cxd4 Bb4+ 9. Bd2 Qe7 10. O-O O-O 11. a3 Nxd2 12. Nbxd2 Ba5 13. Qa4 Bb6 14. Bxc6 bxc6 15. Qxc6 Be6 16. h3 h6 17. Rad1 Rab8 18.
Rfe1 Rfd8 19. Rc1 a5 20. Re3 Kh8 21. Nf1 Kh7 22. Ng3 g6 23.
Ne2 Kg7 24. Nf4 Rd7 25. Kh2 Ba7 26. Re2 Rb3 27. Qa4 Rxf3 28.
gxf3 Bf5 29. Rg1 Qh4 30. Rg4 Bxg4 31. fxg4 Rd8 32. Qxa5 Bb6 33. Qc3 h5 34. e6 Qf6 35. Nxd5 Rxd5 36. e7 Kh7 37. e8=Q Bxd4 38. Qxc7 Kg7 39. Qcb8 Qd6+ 40. Qxd6 Rxd6 41. Rd2 1-0

[Event "44th Chess Olympiad Open 2022"]
[Site "Chennai"]
[Date "2022.08.02"]
[Round "5.62"]
[White "Prudente, Elmer"]
[Black "Harper, Ryan"]
[Result "0-1"]
[WhiteElo "1995"]
[BlackElo "2208"]
[Annotator "NA RC"]
[PlyCount "70"]
[EventDate "2022.??.??"]
[TimeControl "60"]

1. e4 c5 2. Nf3 e6 3. d4 cxd4 4. Nxd4 a6 5. c4 Qc7 6. Nc3 Nf6 7. Bg5 h6 8. Bxf6 gxf6 9. Be2 Bd6 10. g3 Nc6 11. O-O Be5 12. Nc2 Qa5 13.
Qd3 h5 14. h4 Nb4 15. Nxb4 Qxb4 16. f4 Bxc3 17. bxc3 Qc5+ 18. Kh2 d6 19. Rad1 Ke7 20. Rd2 a5 21. Bf3 Bd7 22. e5 fxe5 23. fxe5 Qxe5 24. Bxb7 Rab8 25. Re2 Qc5 26. Rf5 Qa3 27. c5 Rxb7 28. Qxd6+ Ke8 29. Rxf7 Kxf7 30. Rf2+ Ke8 31. Qe5 Rg8 32. Qxh5+ Kd8 33. Qf7 Re8 34. c6 Bxc6 35. Rd2+ Bd7 0-1

[Event "44th Chess Olympiad Open 2022"]
[Site "Chennai"]
[Date "2022.08.02"]
[Round "5.62"]
[White "Estur, Gavino Aguilar"]
[Black "Mc Intosh, Isaiah"]
[Result "0-1"]
[WhiteElo "1598"]
[BlackElo "2215"]
[Annotator "NA RC"]
[PlyCount "64"]
[EventDate "2022.??.??"]
[TimeControl "60"]

1. e4 c5 2. Nc3 Nc6 3. Bc4 g6 4. d3 Bg7 5. Nge2 e6 6. O-O Nge7 7. a3 O-O 8. Rb1 d5 9. exd5 exd5 10. Bb3 h6 11. Bf4 Be6 12. Qd2 g5 13.
Bg3 Nf5 14. Nb5 a6 15. Nbc3 b5 16. Nd1 c4 17. Ba2 d4 18. b3 c3 19. Qc1 h5 20. h3 Re8 21. Re1 Bd5 22. Ra1 b4 23. Ndxc3 dxc3 24. Qd1 a5 25. Bb1 Ra7 26. Nc1 Rxe1+ 27. Qxe1 Re7 28. Qd1 Nxg3 29. fxg3 Qb6+ 30. Kf1 Qe3 31. Ne2 Nd4 32. Ng1 Qxg3 0-1

[Event "44th Chess Olympiad Open 2022"]
[Site "Chennai"]
[Date "2022.08.02"]
[Round "5.63"]
[White "Alfaro, William"]
[Black "Hashem, Khaled"]
[Result "1-0"]
[WhiteElo "2155"]
[BlackElo "1870"]
[Annotator "NA RC"]
[PlyCount "71"]
[EventDate "2022.??.??"]
[TimeControl "60"]

1. d4 d5 2. c4 c6 3. Nf3 Nf6 4. Qc2 e6 5. g3 Be7 6. Bg2 O-O 7. O-O b6 8.
Nbd2 Bb7 9. e4 dxc4 10. Nxc4 c5 11. e5 Nd5 12. dxc5 bxc5 13. Rd1 Nd7 14. h4 h6 15. Bd2 Rb8 16. Qe4 Nc3 17. Qg4 h5 18.
Qxh5 Nxd1 19. Rxd1 Be4 20. Ng5 Bg6 21. Qe2 Bc2 22. Rc1 Bg6 23.
Ne4 Qc8 24. Ned6 Qa6 25. h5 Bh7 26. h6 Bg6 27. Be4 Nxe5 28.
hxg7 Kxg7 29. Bc3 Bxd6 30. Bxg6 fxg6 31. Rd1 Kh7 32. Rxd6 Qxc4 33. Qxe5 Rb7 34. Rxe6 Rbf7 35. Qg5 a5 36. Qxg6# 1-0